 Dungeon Crawl Stone Soup version 0.30-a0-29-g142975f185 (webtiles) character file.

Game seed: 319515736274273874

67 ytrimaz the Insei (level 4, 0/28 HPs)
             Began as an Octopode Transmuter on Aug 27, 2022.
             Slain by an orc
             ... wielding a +0 club
              (3 damage)
             ... on level 3 of the Dungeon.
             The game lasted 00:02:30 (2773 turns).

ytrimaz the Insei (Octopode Transmuter)             Turns: 2773, Time: 00:02:31

Health: 0/28       AC:  2    Str:  9    XL:     4   Next: 16%
Magic:  1/8        EV: 19    Int: 17    God:
Gold:   1151       SH:  0    Dex: 17    Spells: 3/9 levels left

rFire   + . .      SeeInvis .      - Unarmed
rCold   + . .      Faith    .    (shield currently unavailable)
rNeg    . . .      Spirit   .    (helmet currently unavailable)
rPois   .          Reflect  .    (no amulet)
rElec   +          Harm     .    (no ring)
rCorr   +          Rampage  .    (no ring)
Will    .....                    (no ring)
Stlth   ++........               (no ring)
HPRegen 0.09/turn                (no ring)
MPRegen 0.11/turn                (no ring)
                                 (no ring)
                                 (no ring)

@: spider-form (expiring), resistant, attractive, very slightly contaminated
A: venomous fangs, almost no armour, (amphibious), 8 rings, tiny, (camouflage
1), (gelatinous body 1), (nimble swimmer 1), (tentacles)
a: End Transformation


You were on level 3 of the Dungeon.
You were a venomous arachnid creature.
You visited 1 branch of the dungeon, and saw 3 of its levels.

You collected 1151 gold pieces.

Inventory:

Scrolls
 d - a scroll of teleportation
 e - a scroll of vulnerability
Potions
 g - a potion of heal wounds


   Skills:
 - Level 1.0 Fighting
 - Level 2.0 Dodging
 - Level 3.3 Unarmed Combat
 + Level 3.0 Spellcasting
 + Level 2.9 Transmutations
 * Level 1.1 Poison Magic


You had 3 spell levels left.
You knew the following spells:

 Your Spells              Type           Power      Damage    Failure   Level
a - Beastly Appendage     Tmut           24%        N/A       16%         1
b - Wereblood             Tmut           12%        N/A       22%         2
c - Spider Form           Tmut/Pois      9%         N/A       43%         3

Your spell library contained the following spells:

 Spells                   Type           Power      Damage    Failure   Level
 Ice Form                 Ice/Tmut       7%         N/A       85%         4


Dungeon Overview and Level Annotations

Branches:
Dungeon (3/15)

Altars:


Innate Abilities, Weirdness & Mutations

You are a venomous arachnid creature.
You have poisonous fangs.
You are tiny and dextrous.
Your spellcasting is less reliable in this form.
Your armour is entirely melded.
You are incapable of wielding weapons or throwing items.
You cannot wear most types of armour.
((You are amphibious.))
You can wear up to eight rings at the same time.
((Your skin changes colour to match your surroundings (Stealth+).))
((Your rubbery body absorbs attacks. (AC +1, EV +1)))
((You are camouflaged when in or above water. (Stealth+)))
((You have tentacles for arms and can constrict up to eight enemies at once.))


Message History

The orc closely misses you. The orc hits you with a +0 club.
* * * LOW HITPOINT WARNING * * *
Unknown command.
Casting: Spider Form (quite dangerous; 24% risk of failure)
Confirm with . or Enter, or press ? or * to list all spells.
The spell is quite dangerous to miscast (24% risk of failure)!
Continue anyway?
You turn into a venomous arachnid creature.
The orc barely misses you. x2
Unknown command.
You bite the orc!
You kill the orc!
The orc completely misses you.
Things that are here:
a +0 hand axe; a boomerang You hit the orc.
The orc is poisoned.
The orc is severely wounded.
The orc misses you. The orc closely misses you.
You hit the orc.
You kill the orc!
The bat barely misses you. The bat closely misses you.
The orc hits you with a +0 club.
* * * LOW HITPOINT WARNING * * *
Your Spellcasting skill increases to level 3!
You hit the orc but do no damage.
The orc is poisoned.
The bat barely misses you. The bat completely misses you.
The orc barely misses you.
You barely miss the orc.
The orc is moderately wounded.
The bat completely misses you. The orc misses you.
You hit the orc but do no damage.
The orc looks even sicker.
The orc is moderately wounded.
The bat misses you. The orc hits you with a +0 club.
* * * LOW HITPOINT WARNING * * *
The bat completely misses you.
Unknown command.
You barely miss the orc.
The orc is moderately wounded.
Your transformation is almost over.
The bat misses you. The orc hits you with a +0 club.
You die...

...##<###.......
#.....#........
#.[.......#
####...#...# #####
.#........).# #...#
.......##.รท.###...#
.#.#.............<#
##..##.##.#....#
###..##.##s.....#
#......ogbo.....#
..#.....######.##
#.##....## #... ...
##...# ####. ##
#...# #...# #..J#
##.g..


You could see 2 orcs, a goblin and a bat.

Vanquished Creatures
  2 adders
  4 orcs (D:3)
  3 ball pythons (D:1)
  2 endoplasms (D:3)
  2 giant cockroaches
  3 hobgoblins
  2 jackals (D:2)
  4 quokkas
  5 bats
  A frilled lizard (D:2)
  3 goblins
  6 kobolds
  5 rats
42 creatures vanquished.

Notes
Turn   | Place    | Note
-------+----------+-------------------------------------------
     0 | D:1      | ytrimaz the Octopode Transmuter began the quest for the
                  | Orb.
     0 | D:1      | Reached XP level 1. HP: 13/13 MP: 3/3
   390 | D:1      | Reached XP level 2. HP: 14/18 MP: 5/5
  1064 | D:1      | Learned a level 2 spell: Wereblood
  1652 | D:2      | Reached XP level 3. HP: 23/23 MP: 4/6
  1666 | D:2      | Learned a level 3 spell: Spider Form
  2370 | D:2      | Identified a scroll of acquirement
  2370 | D:2      | Acquired 1091 gold pieces
  2437 | D:3      | Reached XP level 4. HP: 3/28 MP: 6/8
  2546 | D:3      | Reached skill level 1 in Poison Magic
  2773 | D:3      | Slain by an orc

Illustrated notes

Levels and vault maps discovered:
D:1:      arrival_zaba_pyramid, layout_loops_corners
D:2:      layout_loops_cross, nicolae_titane
D:3:      layout_rooms, hellmonk_ecumenical_altar_prayer_group

Skill      XL: |  1  2  3  4 |
---------------+-------------+-----
Poison Magic   | 1 |  1.1
Spellcasting   | 3 |  3.0
Fighting       | |  1.0
Dodging        | |  2.0
Unarmed Combat | |  3.3
Transmutations | |  2.9

Action                   |  1- 3 |  4- 6 || total
-------------------------+-------+-------++-------
Melee: Unarmed           |    76 |    17 ||    93
       Constrict         |    21 |     3 ||    24
       Kick              |    11 |       ||    11
       Tentacles         |    12 |     2 ||    14
       Punch             |     2 |       ||     2
 Cast: Beastly Appendage |    27 |       ||    27
       Spider Form       |     1 |     1 ||     2
  Use: Scroll            |     5 |       ||     5
       Potion            |     1 |     6 ||     7
 Stab: Sleeping          |    11 |       ||    11
Armor: Skin              |    14 |       ||    14
Dodge: Dodged            |    63 |    32 ||    95

Table legend: (Time is in decaauts)
 A = Elapsed time spent in this place.
 B = Non-inter-level travel time spent in this place.
 C = Inter-level travel time spent in this place.
 D = Time resting spent in this place.
 E = Time spent auto-exploring this place.
 F = Levels seen in this place.
 G = Mean time per level.
                   A        B        C        D        E       F      G
               +--------+--------+--------+--------+--------+-----+--------+
         Total |   2767 |   2713 |     54 |     97 |   2263 |   3 |  922.3 |
       Dungeon |   2767 |   2713 |     54 |     97 |   2263 |   3 |  922.3 |
               +--------+--------+--------+--------+--------+-----+--------+

Top non-repeatable levels by time:
     D:1: 1300 daAuts
     D:2: 1104 daAuts
     D:3: 361 daAuts
